 Dungeon Sprint DCSS version 0.29-a0-364-g921d912d32 (webtiles) character file.

Game seed: 8287662821083449242

2915 mhtbhm the Protected (level 9, -4/91 HPs)
             Began as a Minotaur Fighter on Apr 30, 2022.
             Was an Initiate of Gozag.
             Slain by a two-headed ogre
             ... wielding a +0 giant spiked club
              (29 damage)
             ... in the Dungeon (Sprint VII: "The Pits").
             The game lasted 00:03:29 (1223 turns).

mhtbhm the Protected (Minotaur Fighter)             Turns: 1223, Time: 00:03:30

Health: -4/91      AC: 16    Str: 25    XL:     9   Next: 50%
Magic:  8/8        EV: 11    Int:  5    God:    Gozag
Gold:   777        SH: 12    Dex: 16    Spells: 8/8 levels left

rFire   + . .      SeeInvis .   a - +1 broad axe (freeze)
rCold   + . .      Faith    .   c - +0 kite shield
rNeg    . . .      Spirit   .   b - +4 chain mail
rPois   +          Reflect  .   (helmet restricted)
rElec   +          Harm     .   (no cloak)
rCorr   +          Rampage  .   (no gloves)
Will    .....      NoTele   +   (no boots)
Stlth   ..........              (no amulet)
HPRegen 0.25/turn               g - +3 ring of dexterity
MPRegen 0.11/turn               j - +3 ring of dexterity

@: resistant, gold aura, invisible (expiring)
A: horns 2, retaliatory headbutt
a: Renounce Religion, Potion Petition, Call Merchant, Bribe Branch


You were in the Dungeon.
You worshipped Gozag.
Gozag was pleased with you.
You visited 1 branch You collected 1683 gold pieces.
You paid 906 gold pieces to Gozag.

Inventory:

Hand Weapons
 a - a +1 broad axe of freezing (weapon)
Missiles
 e - 7 poisoned darts (quivered)
Armour
 b - a +4 chain mail (worn)
 c - a +0 kite shield (worn)
Jewellery
 g - a +3 ring of dexterity (left hand)
 j - a +3 ring of dexterity (right hand)
Scrolls
 l - 5 scrolls of amnesia
Potions
 d - 2 potions of might
 f - 6 potions of heal wounds
 h - 4 potions of magic
 i - a potion of berserk rage
 k - 2 potions of invisibility
 m - a potion of brilliance
 n - a potion of haste
 o - 3 potions of curing


   Skills:
 + Level 12.5 Fighting
 + Level 13.5 Axes
 + Level 13.6 Armour
 + Level 6.9 Dodging
 + Level 2.2 Stealth
 + Level 12.2 Shields


You had 8 spell levels left.
You didn't know any spells.
Your spell library was empty.

Dungeon Overview and Level Annotations

Branches:
Dungeon (1/1)

Altars:
Ashenzari
Cheibriados
Dithmenos
Elyvilon
Fedhas
Gozag
Hepliaklqana
Kikubaaqudgha
Makhleb
Nemelex Xobeh
Okawaru
Qazlal
Ru
Sif Muna
Trog
Uskayaw
Vehumet
Wu Jian
Xom
Yredelemnul
Zin
The Shining One
Beogh
Jiyva
Lugonu


Innate Abilities, Weirdness & Mutations

You have a pair of horns on your head.
You reflexively headbutt those who attack you in melee.


Message History

You hit the hellwing. You freeze the hellwing.
The hellwing is lightly wounded.
The hellwing hits you but does no damage. x2
Unknown command.
You barely miss the hellwing.
The hellwing is lightly wounded.
You block the hellwing's attack. x2
You slice the hellwing!! You freeze the hellwing.
The hellwing is severely wounded.
The orc is no longer distracted by gold.
The hellwing barely misses you. You furiously retaliate!
You headbutt the hellwing, but do no damage.
You block the hellwing's attack.
The manticore is distracted by your dazzling golden aura.
You slash the hellwing! You freeze the hellwing.
You kill the hellwing!
The manticore is no longer distracted by gold.
Your Stealth skill increases to level 2!
You catch the helpless two-headed ogre completely off-guard!
You slice the two-headed ogre!! You freeze the two-headed ogre.
You headbutt the two-headed ogre.
The two-headed ogre is heavily wounded.
You strike the helpless orc from behind!
You slice the orc!! You freeze the orc.
You kill the orc!
You block the two-headed ogre's attack. The two-headed ogre barely misses you.
You barely miss the two-headed ogre.
The two-headed ogre is heavily wounded.
You slash the two-headed ogre! You freeze the two-headed ogre.
Your headbutt misses the two-headed ogre.
The two-headed ogre is almost dead.
The two-headed ogre hits you with a +0 giant spiked club!
* * * LOW HITPOINT WARNING * * *
The two-headed ogre closely misses you.
You barely miss the two-headed ogre.
The two-headed ogre is almost dead.
You flicker for a moment.
The two-headed ogre hits you with a +0 giant spiked club!!
You die...
Your body crumbles into a pile of gold.

....##................#
###'#####'#####''######
.)..##.......##''#####
....##.......##......#
#'####.......##....###
....##...<...##...##
....##.......##..##
....##.......##..#
######.......##.@#
.#..###########$$O..+
.#.############..#..#
.#)#....#.[.[##..#..#
.#'#....#..[[##..# ..#
.#.'....'..))##... #.+
.#'#....#..))##... ##
.'.#....#..))##...
##############


You could see a two-headed ogre (can't see you).

Vanquished Creatures
  An orc high priest (D)
  A deep elf knight (D)
  A sea snake (D)
  A hellwing (D)
  A blink frog (D)
  A flying skull (D)
  A wraith (D)
  An orc warrior (D)
  A wolf (D)
  A kobold brigand (D)
  A necrophage (D)
  A gnoll sergeant (D)
  A scorpion (D)
  A crimson imp (D)
  An orc priest (D)
  An orc wizard (D)
  4 gnolls (D)
  An adder (D)
  An ufetubus (D)
  2 worms (D)
  6 orcs (D)
  A giant cockroach (D)
  2 quokkas (D)
  A bat (D)
  3 frilled lizards (D)
  A rat (D)
38 creatures vanquished.

Notes
Turn   | Place    | Note
-------+----------+-------------------------------------------
     0 | D        | mhtbhm the Minotaur Fighter began the quest for the Orb.
     0 | D        | Reached XP level 1. HP: 19/19 MP: 0/0
    21 | D        | Found a bloodstained altar of Trog.
    21 | D        | Found a shimmering blue altar of Sif Muna.
    21 | D        | Found a viscous altar of Jiyva.
    21 | D        | Found a hazy altar of Hepliaklqana.
    21 | D        | Found an opulent altar of Gozag.
    22 | D        | Found a glowing golden altar of the Shining One.
    22 | D        | Found a glowing silver altar of Zin.
    22 | D        | Found a basalt altar of Yredelemnul.
    22 | D        | Found a shimmering altar of Xom.
    22 | D        | Found an ornate altar of the Wu Jian Council.
    22 | D        | Found a sacrificial altar of Ru.
    22 | D        | Found a stormy altar of Qazlal.
    22 | D        | Found an iron altar of Okawaru.
    22 | D        | Found a sparkling altar of Nemelex Xobeh.
    22 | D        | Found a burning altar of Makhleb.
    22 | D        | Found a blossoming altar of Fedhas.
    22 | D        | Found a white marble altar of Elyvilon.
    22 | D        | Found a shadowy altar of Dithmenos.
    22 | D        | Found a snail-covered altar of Cheibriados.
    24 | D        | Found a radiant altar of Vehumet.
    24 | D        | Found a corrupted altar of Lugonu.
    25 | D        | Found a hide-covered altar of Uskayaw.
    25 | D        | Found an ancient bone altar of Kikubaaqudgha.
    25 | D        | Found a broken altar of Ashenzari.
    29 | D        | Became a worshipper of Gozag Ym Sagoz the Greedy
   215 | D        | Reached XP level 2. HP: 28/28 MP: 1/1
   224 | D        | Reached skill level 5 in Fighting
   262 | D        | Reached skill level 5 in Shields
   334 | D        | Noticed a flying skull
   335 | D        | Noticed a scorpion
   335 | D        | Noticed a gnoll sergeant
   342 | D        | Reached skill level 5 in Armour
   342 | D        | Reached XP level 3. HP: 34/37 MP: 2/2
   347 | D        | Killed a flying skull
   348 | D        | Reached skill level 1 in Dodging
   348 | D        | Reached XP level 4. HP: 25/48 MP: 3/3
   348 | D        | Reached XP level 5. HP: 27/53 MP: 4/4
   349 | D        | Reached XP level 6. HP: 30/62 MP: 5/5
   572 | D        | Reached skill level 10 in Armour
   575 | D        | Noticed a blink frog
   587 | D        | Killed a blink frog
   588 | D        | Reached skill level 10 in Fighting
   588 | D        | Reached XP level 7. HP: 56/72 MP: 6/6
   688 | D        | Reached skill level 10 in Axes
   814 | D        | Noticed a wraith
   814 | D        | Noticed a deep elf knight
   830 | D        | Killed a deep elf knight
   831 | D        | Reached skill level 5 in Dodging
   831 | D        | Reached skill level 10 in Shields
   831 | D        | Reached XP level 8. HP: 19/82 MP: 7/7
  1172 | D        | Noticed a sea snake
  1185 | D        | Killed a sea snake
  1186 | D        | Reached XP level 9. HP: 29/90 MP: 8/8
  1205 | D        | Noticed an orc high priest
  1208 | D        | Noticed a hellwing
  1211 | D        | Noticed a manticore
  1213 | D        | Noticed a two-headed ogre
  1214 | D        | Killed an orc high priest
  1215 | D        | Reached skill level 1 in Stealth
  1219 | D        | Killed a hellwing
  1223 | D        | Slain by a two-headed ogre

Illustrated notes

Levels and vault maps discovered:
D:        pitsprint [storerooms_1, entrance_room_1, metal_vault_6, armoury_1,
          mini_pit_1, grid_room_1, main_hall_1, silver_pit, the_coven_3,
          the_vestibule_1, steel_vault_1, golden_pit, hallway_of_sentries,
          crystal_vault_4, iron_vault_4, final_vault]

Skill      XL: |  1  2  3  4  5  6  7  8  9 |
---------------+----------------------------+-----
Fighting       | 4 6 8 10 11 12 | 12.5
Armour         | 4 5 8 10 12 13 | 13.6
Shields        | 4 6 8 9 10 11 12 | 12.2
Axes           | 3 6 9 11 12 13 | 13.5
Dodging        | 1 3 5 6 |  6.9
Stealth        | 2 |  2.2

Action                   |  1- 3 |  4- 6 |  7- 9 || total
-------------------------+-------+-------+-------++-------
Melee: Hand axe          |    38 |    31 |    42 ||   111
       Headbutt          |     2 |     5 |     7 ||    14
       Broad axe         |       |       |    25 ||    25
Invok: Potion Petition   |       |       |     2 ||     2
  Use: Potion            |     1 |    10 |     1 ||    12
       Scroll            |       |     2 |       ||     2
 Stab: Invisible         |       |       |     5 ||     5
Armor: Scale mail        |    22 |    13 |     6 ||    41
       Chain mail        |       |       |     3 ||     3
Dodge: Dodged            |    24 |    21 |    14 ||    59
Block: Buckler           |    13 |    13 |       ||    26
       Kite shield       |       |     5 |    30 ||    35

Table legend: (Time is in decaauts)
 A = Elapsed time spent in this place.
 B = Non-inter-level travel time spent in this place.
 C = Inter-level travel time spent in this place.
 D = Time resting spent in this place.
 E = Time spent auto-exploring this place.
 F = Levels seen in this place.
 G = Mean time per level.
                   A        B        C        D        E       F      G
               +--------+--------+--------+--------+--------+-----+--------+
         Total |   1216 |   1216 |      0 |    625 |     26 |   1 | 1216.0 |
       Dungeon |   1216 |   1216 |      0 |    625 |     26 |   1 | 1216.0 |
               +--------+--------+--------+--------+--------+-----+--------+

Top non-repeatable levels by time:
       D: 1216 daAuts
